 Dungeon Crawl Stone Soup version 0.29-a0-1052-g6990b1bffc (webtiles) character file.

Game seed: 2672423559639122333

2573 flotson the Trooper (level 9, -5/69 HPs)
             Began as a Demonspawn Delver on Aug 17, 2022.
             Killed from afar by Maggie (31 damage)
             ... with a bolt of fire
             ... on level 7 of the Dungeon.
             The game lasted 00:10:40 (6311 turns).

flotson the Trooper (Demonspawn Delver)             Turns: 6311, Time: 00:10:43

Health: -5/69      AC: 18    Str: 17    XL:     9   Next: 32%
Magic:  0/9        EV:  9    Int: 11    God:
Gold:   366        SH:  0    Dex: 21    Spells: 8/8 levels left

rFire   . . .      SeeInvis .   a - +0 broad axe
rCold   . . .      Faith    .   (no shield)
rNeg    . . .      Spirit   +   C - +0 shadow dragon scales
rPois   +          Reflect  .   (helmet restricted)
rElec   .          Harm     .   (no cloak)
rCorr   +          Rampage  .   (no gloves)
Will    .....                   q - +0 pair of boots
Stlth   ++++......              F - amulet of guardian spirit
HPRegen 0.21/turn               u - +6 ring of dexterity
MPRegen 0.11/turn               p - ring of poison resistance

@: no status effects
A: horns 2, yellow scales 3, demonic guardian 1, powered by death 2
a: no special abilities


You were on level 7 of the Dungeon.
You visited 2 branches of the dungeon, and saw 8 of its levels.

You collected 366 gold pieces.

Inventory:

Hand Weapons
 a - a +0 broad axe (weapon)
Missiles
 b - 20 poisoned darts (quivered)
 D - 2 throwing nets
Armour
 k - a +1 scale mail of fire resistance
 q - a +0 pair of boots (worn)
 C - +0 shadow dragon scales (worn)
Jewellery
 m - a ring of flight
 p - a ring of poison resistance (right hand)
 t - an amulet of regeneration
 u - a +6 ring of dexterity (left hand)
 F - an amulet of guardian spirit (around neck)
 L - a ring of fire
Wands
 g - a wand of digging (3)
 A - a wand of polymorph (9)
 B - a wand of charming (1)
 G - a wand of mindburst (18)
 K - a wand of quicksilver (10)
Scrolls
 c - 2 scrolls of fog
 d - a scroll of magic mapping
 e - 3 scrolls of amnesia {unknown}
 l - a scroll of poison {unknown}
 n - 5 scrolls of teleportation {unknown}
 o - 4 scrolls of identify {unknown}
 w - 7 scrolls of immolation {unknown}
 y - 2 scrolls of vulnerability {unknown}
 z - a scroll of enchant weapon {unknown}
 J - a scroll of torment {unknown}
Potions
 f - a potion of degeneration {unknown}
 h - 2 potions of ambrosia {unknown}
 i - a potion of mutation {unknown}
 j - a potion of lignification {unknown}
 r - 3 potions of heal wounds
 s - 2 potions of haste
 v - 3 potions of flight {unknown}
 x - 4 potions of curing {unknown}
 E - 2 potions of cancellation {unknown}
 H - 2 potions of berserk rage {unknown}
 I - a potion of might


   Skills:
 + Level 5.9 Fighting
 + Level 5.0 Axes
 + Level 4.1 Throwing
 + Level 4.6 Armour
 + Level 4.8 Dodging
 - Level 5.0 Stealth
 + Level 4.9 Evocations


You had 8 spell levels left.
You didn't know any spells.
Your spell library contained the following spells:

 Spells                   Type           Power      Damage    Failure   Level
 Beastly Appendage        Tmut           0%         N/A       99%         1
 Shock                    Conj/Air       0%         1d3       99%         1
 Wereblood                Tmut           0%         N/A       100%        2
 Ignite Poison            Fire/Tmut/Pois 0%         N/A       100%        3
 Mephitic Cloud           Conj/Pois/Air  0%         N/A       100%        3
 Spider Form              Tmut/Pois      0%         N/A       100%        3
 Swiftness                Air            0%         N/A       100%        3
 Airstrike                Air            0%         2d(0-16)  100%        4
 Freezing Cloud           Conj/Ice/Air   0%         6-21      100%        5


Dungeon Overview and Level Annotations

Branches:
Dungeon (7/15)             Temple (1/1) D:7

Altars:
Ashenzari
Cheibriados
Dithmenos
Fedhas
Hepliaklqana
Kikubaaqudgha
Makhleb
Nemelex Xobeh
Okawaru
Qazlal
Ru
Trog
Wu Jian
Xom
Yredelemnul

Shops:
D:5 *

Annotations:
D:7 Maggie


Innate Abilities, Weirdness & Mutations

You have a pair of horns on your head.
You are completely covered in yellow scales. (AC +4, rCorr)
A weak demonic guardian rushes to your aid.
You regenerate health from kills.


Message History

Maggie is heavily wounded.
Maggie hits you with a +2 morningstar of flaming.
Maggie burns you.
Unknown command.
You hit Maggie.
Maggie is heavily wounded.
Maggie gestures at you while chanting. The bolt of fire hits you!
Unknown command.
You slash Maggie! Your headbutt misses Maggie.
Maggie is severely wounded.
Maggie mumbles some strange words.
Maggie attempts to bespell you! You resist with almost no effort.
Maggie barely misses you.
Unknown command.
You closely miss Maggie.
Maggie is severely wounded.
Maggie drinks a potion.
Maggie is healed!
Unknown command.
You slash Maggie! You headbutt Maggie, but do no damage.
Maggie is heavily wounded.
Maggie hits you but does no damage.
You hit Maggie.
Maggie is heavily wounded.
Maggie barely misses you.
Maggie points at you and mumbles some strange words.
The bolt of fire hits you.
You hit Maggie. You headbutt Maggie, but do no damage.
Maggie is severely wounded.
Maggie hits you but does no damage.
You slash Maggie! You headbutt Maggie.
Maggie is severely wounded.
Maggie hits you but does no damage.
You hit Maggie. You headbutt Maggie, but do no damage.
Maggie is almost dead.
Maggie points at you and mumbles some strange words.
The bolt of fire hits you!!
A demonic guardian appears!
Maggie gestures at you while chanting. The bolt of fire hits you!!
You die...

#.# #.# ...# #.###
#..# ....# #).#
..#.# #..# ....##
#..# #'#..#####
#.5#
#.#......######.@#
#.#..###[.......@#
#.#...##..######.#
#.##......# #.#
...#.###.#######.#
._.#.# #.##......#
...#.###.##.######
#.##..##<##.#
#.#......##.#
#.#.####.##.#


You could see Maggie (ally target) and a friendly white imp (summoned).

Vanquished Creatures
  A steam dragon (D:6)
  3 sky beasts
  2 black bears
  2 ogres
  2 centaurs
  A phantom (D:7)
  A necrophage (D:4)
  A scorpion (D:5)
  4 wights (D:7)
  2 howler monkeys (D:4)
  4 jellies
  6 hounds
  An orc priest (D:6)
  A gnoll bouda (D:4)
  Ijyb (D:5)
  Jessica (D:2)
  5 iguanas
  2 orc wizards
  A hound zombie (D:3)
  15 gnolls
  6 adders
  An ufetubus (D:7)
  An adder skeleton (D:3)
  An adder zombie (D:3)
  3 worms
  4 dart slugs
  32 orcs
  7 ball pythons
  5 bats
  11 endoplasms
  2 giant cockroaches
  4 hobgoblins
  11 jackals (D:4)
  3 quokkas (D:2)
  A ball python skeleton (D:3)
  4 frilled lizards
  8 goblins
  12 kobolds
  3 rats
175 creatures vanquished.

Vanquished Creatures (collateral kills)
  A kobold brigand (D:4)
  A gnoll sergeant (D:6)
  An orc wizard (D:4)
  5 gnolls
8 creatures vanquished.

Vanquished Creatures (others)
  A plant (D:4)
  A withered plant (D:3)
2 creatures vanquished.

Grand Total: 185 creatures vanquished

Notes
Turn   | Place    | Note
-------+----------+-------------------------------------------
     0 | D:5      | flotson the Demonspawn Delver began the quest for the Orb.
     0 | D:5      | Reached XP level 1. HP: 18/18 MP: 1/1
    15 | D:4      | You fall into a shaft and drop 1 floor!
    16 | D:5      | Noticed a hound
    17 | D:5      | Noticed a centaur
    17 | D:5      | Noticed a jelly
    24 | D:4      | Noticed a black bear
   417 | D:2      | Noticed Jessica
   454 | D:3      | Found a sacrificial altar of Ru.
   473 | D:3      | Gained mutation: You are partially covered in yellow
                  | scales. (AC +2) [demonic ancestry]
   473 | D:3      | Reached XP level 2. HP: 18/24 MP: 2/2
   699 | D:3      | Reached skill level 1 in Evocations
   755 | D:1      | Reached skill level 1 in Armour
   755 | D:1      | Gained mutation: You have a pair of small horns on your
                  | head. [demonic ancestry]
   755 | D:1      | Reached XP level 3. HP: 6/29 MP: 3/3
  1902 | D:2      | Found a faded altar of an unknown god.
  1977 | D:2      | Killed Jessica
  1978 | D:2      | Gained mutation: You regenerate a little health from kills.
                  | [demonic ancestry]
  1978 | D:2      | Reached XP level 4. HP: 33/35 MP: 4/4
  2021 | D:2      | Reached skill level 5 in Stealth
  2579 | D:3      | Gained mutation: You have a pair of horns on your head.
                  | [demonic ancestry]
  2579 | D:3      | Reached XP level 5. HP: 41/41 MP: 5/5
  2849 | D:4      | Noticed an ogre
  2856 | D:4      | Killed an ogre
  2857 | D:4      | Reached skill level 1 in Throwing
  2865 | D:4      | Gained mutation: A weak demonic guardian rushes to your
                  | aid. [demonic ancestry]
  2865 | D:4      | Reached XP level 6. HP: 10/48 MP: 6/6
  2947 | D:4      | Found a shadowy altar of Dithmenos.
  3209 | D:4      | Gained mutation: You are mostly covered in yellow scales.
                  | (AC +3) [demonic ancestry]
  3209 | D:4      | Reached XP level 7. HP: 54/54 MP: 7/7
  3777 | D:4      | Found an iron altar of Okawaru.
  3934 | D:4      | Gained mutation: You regenerate health from kills. [demonic
                  | ancestry]
  3934 | D:4      | Reached XP level 8. HP: 61/61 MP: 8/8
  4116 | D:5      | Found Qenlom's Overcharged Wands.
  4147 | D:5      | Reached skill level 5 in Fighting
  4317 | D:5      | Found an ancient bone altar of Kikubaaqudgha.
  4420 | D:5      | Found an ornate altar of the Wu Jian Council.
  4422 | D:5      | Noticed Ijyb
  4434 | D:5      | Killed Ijyb
  4710 | D:6      | Found a blossoming altar of Fedhas.
  4713 | D:6      | Found a sparkling altar of Nemelex Xobeh.
  4714 | D:6      | Found a burning altar of Makhleb.
  4758 | D:6      | Found a broken altar of Ashenzari.
  5371 | D:6      | Gained mutation: You are completely covered in yellow
                  | scales. (AC +4, rCorr) [demonic ancestry]
  5371 | D:6      | Reached XP level 9. HP: 28/68 MP: 5/9
  5743 | D:7      | Found a staircase to the Ecumenical Temple.
  5755 | Temple   | Entered the Ecumenical Temple
  6208 | D:7      | Reached skill level 5 in Axes
  6226 | D:7      | Found a stormy altar of Qazlal.
  6294 | D:7      | Noticed Maggie
  6311 | D:7      | Killed from afar by Maggie

Illustrated notes

Levels and vault maps discovered:
D:1:      minmay_arrival_stone_box, layout_basic
D:2:      layout_basic, dreamdust_ecumenical_altar_hidden_monk_grotto,
          minmay_split_cup_large, uniq_jessica
D:3:      layout_loops_ring, tso_metal_star,
          mainiacjoe_overflow_large_starburst, serial_undead, serial_undead_a,
          serial_undead_b, serial_undead_b, serial_undead_a, serial_undead_e,
          st_stairs_5
D:4:      lemuel_castle_with_subvaults [lemuel_castle_interior_carwin_3],
          layout_basic, mainiacjoe_overflow_cross_hatched,
          okawaru_altar_gauntlet_db
D:5:      layout_rooms, nzn_wu_jian_council_hall,
          nicolae_kikubaaqudgha_miasma_corner, chequers_jeans,
          nicolae_shop_overcharged_wands, uniq_ijyb
D:6:      layout_rooms, grunt_temple_overflow_open,
          chequers_serial_rivers_small_b, serial_park_tiny_2,
          nicolae_zen_rock_garden
D:7:      layout_loops_ring, mainiacjoe_overflow_surrounded_room,
          minmay_temple_entry_trees, uniq_maggie
Temple:   nicolae_temple_bog_church

Skill      XL: |  1  2  3  4  5  6  7  8  9 |
---------------+----------------------------+-----
Axes           | 2 3 4 5 |  5.0
Evocations     | 1 2 3 4 |  4.9
Armour         | 1 2 3 4 |  4.6
Dodging        | 2 3 4 |  4.8
Stealth        | 5 |  5.0
Throwing       | 1 2 3 4 |  4.1
Fighting       | 4 5 |  5.9

Action                   |  1- 3 |  4- 6 |  7- 9 || total
-------------------------+-------+-------+-------++-------
Melee: Hand axe          |    40 |       |       ||    40
       Short sword       |    63 |   109 |       ||   172
       Headbutt          |     4 |    40 |    68 ||   112
       Punch             |       |     2 |     1 ||     3
       Broad axe         |       |    38 |   277 ||   315
       Dagger            |       |    27 |       ||    27
  Use: Scroll            |     1 |       |       ||     1
       Potion            |     1 |       |       ||     1
 Stab: Sleeping          |     8 |     6 |    15 ||    29
       Distracted        |     1 |       |     1 ||     2
Armor: Leather armour    |    30 |    12 |       ||    42
       Scale mail        |       |    27 |       ||    27
       Shadow dragon sca |       |    72 |   263 ||   335
Dodge: Dodged            |    49 |    74 |   163 ||   286

Table legend: (Time is in decaauts)
 A = Elapsed time spent in this place.
 B = Non-inter-level travel time spent in this place.
 C = Inter-level travel time spent in this place.
 D = Time resting spent in this place.
 E = Time spent auto-exploring this place.
 F = Levels seen in this place.
 G = Mean time per level.
                   A        B        C        D        E       F      G
               +--------+--------+--------+--------+--------+-----+--------+
         Total |   6399 |   6215 |    184 |    247 |   4597 |   8 |  799.9 |
       Dungeon |   6136 |   5972 |    164 |    247 |   4360 |   7 |  876.6 |
        Temple |    263 |    243 |     20 |      0 |    237 |   1 |  263.0 |
               +--------+--------+--------+--------+--------+-----+--------+

Top non-repeatable levels by time:
     D:4: 1377 daAuts
     D:6: 1066 daAuts
     D:1: 941 daAuts
     D:3: 918 daAuts
     D:5: 800 daAuts
     D:2: 692 daAuts
     D:7: 339 daAuts
  Temple: 263 daAuts
